[Event "Titled Tuesday Blitz January 03 Early 2023"]
[White "Berezin, Viktor"]
[Black "Zohid6"]
[WhiteFideId "14107872"]
[WhiteElo "2307"]
[BlackElo "2748"]
[Result "1-0"]
[Round "09"]
[TimeControl "180+2"]
[Date "2023.01.03"]
[WhiteClock "0:00:07"]
[BlackClock "0:01:43"]

1. d4 Nf6 2. Nf3 b6 3. g3 Bb7 4. Bg2 e6 5. O-O c5 6. c4 cxd4 7. Nxd4 Bxg2 8. Kxg2 d5 9. cxd5 Qxd5+ 10. Nf3 Nc6 11. Nc3 Qxd1 12. Rxd1 Bb4 13. Nb5 Ke7 14. a3 a6 15. Nc7 Ra7 16. axb4 Rxc7 17. Rxa6 Rb7 18. b5 Na7 19. Be3 Nd5 20. Bd4 f6 21. e4 Nc7 22. Rxb6 Rxb6 23. Bxb6 Naxb5 24. Bc5+ Ke8 25. e5 f5 26. Bd6 Nd5 27. Ra1 Kd7 28. Bc5 Kc6 29. b4 Kb7 30. Ng5 Ndc7 31. Nf7 Ra8 32. Rd1 Nd5 33. Ng5 Rd8 34. Kh3 Nf4+ 35. gxf4 Rxd1 36. Nxe6 g6 37. Ng5 h5 38. Nf7 Kc6 39. Nh8 Kd5 40. Nxg6 Ke4 41. e6 Nc7 42. e7 Ne8 43. Kh4 Kd5 44. Kg5 Ke6 45. Nf8+ Kd5 46. Kxf5 Rh1 47. Kg6 Rxh2 48. Kf7 Nc7 49. Ne6 Nxe6 50. e8=Q Nxf4 51. Qd7+ Ke4 52. Qc6+ Kf5 53. Qd7+ Ke4 54. b5 Rh3 55. b6 Rf3 56. Kg8 Nd5 57. Qe6+ Kf4 58. Qxd5 h4 59. Qxf3+ Kxf3 60. Bd6 1-0


[Site "https://www.chess.com"]

[Event "Titled Tuesday Blitz January 03 Early 2023"]
[White "Rakhmatullaev, Almas"]
[Black "Garv Gaur"]
[WhiteFideId "14205793"]
[BlackFideId "45030839"]
[WhiteElo "2275"]
[BlackElo "2006"]
[Result "1-0"]
[Round "09"]
[TimeControl "180+2"]
[Date "2023.01.03"]
[WhiteClock "0:00:06"]
[BlackClock "0:00:01"]

1. e4 c6 2. Nf3 d5 3. d3 g6 4. exd5 cxd5 5. d4 Nc6 6. Bd3 Bg7 7. c3 Bf5 8. O-O Nf6 9. Re1 O-O 10. Bf4 Bxd3 11. Qxd3 Ne4 12. Nbd2 Nxd2 13. Qxd2 e6 14. Re2 b5 15. Rae1 a5 16. g4 b4 17. h4 a4 18. cxb4 a3 19. b5 Na5 20. b3 Qb6 21. h5 Qxb5 22. hxg6 fxg6 23. Rxe6 Nxb3 24. axb3 a2 25. Ra1 Qxb3 26. Kg2 Rf7 27. Ng5 Rff8 28. Ree1 Rfc8 29. Ne6 Rc2 30. Qd1 Qb2 31. Qf3 Ra3 32. Be3 Qb3 33. g5 Ra8 34. Nxg7 Kxg7 35. Qf6+ Kg8 36. Qe6+ Kh8 37. Bf4 Rxf2+ 38. Kxf2 Qc2+ 39. Kg3 Qd3+ 40. Re3 Qf5 41. Be5+ Qxe5+ 42. Rxe5 Rf8 43. Rxd5 h5 44. gxh6 g5 45. Qe5+ Kh7 46. Qg7# 1-0


[Site "https://www.chess.com"]

[Event "Titled Tuesday Blitz January 03 Early 2023"]
[White "Fiorito, Joaquin"]
[Black "Korchmar, Vasiliy"]
[WhiteFideId "180173"]
[BlackFideId "24131750"]
[WhiteElo "2405"]
[BlackElo "2438"]
[Result "0-1"]
[Round "09"]
[TimeControl "180+2"]
[Date "2023.01.03"]
[WhiteClock "0:00:17"]
[BlackClock "0:00:07"]

1. d4 Nf6 2. Nc3 d5 3. Bf4 Nc6 4. Nb5 e5 5. dxe5 Nh5 6. e3 Nxf4 7. exf4 g5 8. Qxd5 Be7 9. Qxd8+ Bxd8 10. fxg5 Nxe5 11. O-O-O a6 12. Re1 Bxg5+ 13. Kb1 axb5 14. Rxe5+ Be7 15. Bxb5+ Kf8 16. Bc4 Rg8 17. g3 Bf6 18. Re1 b5 19. Bd5 Ra6 20. Nf3 Kg7 21. Ne5 Rd8 22. Bb3 Bb7 23. Rhg1 c5 24. c4 bxc4 25. Nxc4 Bf3 26. Re3 Bg4 27. Bc2 Be6 28. b3 Rda8 29. a4 Rb8 30. Nd2 Rxa4 31. Rge1 Ra1# 0-1


[Site "https://www.chess.com"]

[Event "Titled Tuesday Blitz January 03 Early 2023"]
[White "Herman, Daniel"]
[Black "Liyanage, Ranindu Dilshan"]
[WhiteFideId "30935008"]
[BlackFideId "9915834"]
[WhiteElo "1956"]
[BlackElo "2342"]
[Result "0-1"]
[Round "09"]
[TimeControl "180+2"]
[Date "2023.01.03"]
[WhiteClock "0:00:05"]
[BlackClock "0:00:12"]

1. e4 e6 2. d4 d5 3. Nc3 Bb4 4. e5 c5 5. a3 Bxc3+ 6. bxc3 Nc6 7. Qg4 g6 8. Nf3 Qa5 9. Bd2 Qa4 10. h4 h6 11. Bd3 c4 12. Bxg6 fxg6 13. Qxg6+ Kf8 14. Ng5 hxg5 15. Rh3 Nce7 16. Rf3+ Nf5 17. g4 Qe8 18. Qxg5 Qf7 19. gxf5 exf5 20. Qd8+ Qe8 21. Qxd5 Be6 22. Qxb7 Ne7 23. Bg5 Rh7 24. Rb1 Rd8 25. Qxa7 Qh5 26. Rb7 Re8 27. Rg3 Rf7 28. Bf6 f4 29. Rg5 Qh7 30. h5 Qxc2 31. h6 f3 32. Bxe7+ Rfxe7 33. Rxe7 Qe2# 0-1


[Site "https://www.chess.com"]

[Event "Titled Tuesday Blitz January 03 Early 2023"]
[White "Ilkhomi, Jaloliddin"]
[Black "Fisher_TheGalactic"]
[WhiteFideId "14700948"]
[WhiteElo "1997"]
[BlackElo "2521"]
[Result "0-1"]
[Round "09"]
[TimeControl "180+2"]
[Date "2023.01.03"]
[WhiteClock "0:00:15"]
[BlackClock "0:00:15"]

1. d4 b6 2. Nf3 Bb7 3. Bf4 e6 4. e3 Nf6 5. Nbd2 d5 6. Bd3 Bd6 7. Ne5 O-O 8. Qf3 Nbd7 9. h4 c5 10. c3 Qc7 11. Qg3 Nh5 12. Qg4 Nxf4 13. exf4 f5 14. Qe2 Nxe5 15. fxe5 Be7 16. f4 Rac8 17. a3 cxd4 18. cxd4 Qd7 19. Bb5 Bc6 20. Bd3 Bb7 21. g3 Qa4 22. Nf3 Rc7 23. O-O Rfc8 24. Qd2 Bc6 25. Rfc1 Bb5 26. Rxc7 Rxc7 27. Bxb5 Qxb5 28. Rc1 Rxc1+ 29. Qxc1 Qd3 30. Kf2 Kf7 31. Qc7 h6 32. h5 Qb1 33. Qc3 Qh1 34. Qe1 Qxh5 35. Kg2 Qg4 36. a4 h5 37. Nh2 Qg6 38. Kh1 h4 39. gxh4 Qh5 40. Qf2 Bxh4 41. Qf3 Qh6 42. Kg2 Be7 43. Nf1 g5 44. Ng3 gxf4 45. Qh5+ Qxh5 46. Nxh5 Bg5 47. Kf3 Kg6 48. Nxf4+ Bxf4 49. Kxf4 a5 50. Kf3 Kg5 51. Kg3 f4+ 52. Kf3 Kf5 53. b3 Kg5 54. Kf2 Kg4 55. Kg2 f3+ 56. Kf2 Kf4 57. Kf1 Ke3 58. Ke1 Kxd4 59. Kf2 Ke4 60. Kf1 Kxe5 61. Kf2 Ke4 62. b4 d4 63. b5 d3 64. Ke1 Ke3 65. Kd1 f2 66. Kc1 f1=Q+ 67. Kb2 Qd1 68. Kc3 Qc2# 0-1


[Site "https://www.chess.com"]

[Event "Titled Tuesday Blitz January 03 Early 2023"]
[White "Bettalli, Francesco"]
[Black "Diaz Villagran, Robert"]
[WhiteFideId "2816453"]
[BlackFideId "3404056"]
[WhiteElo "2252"]
[BlackElo "2315"]
[Result "0-1"]
[Round "09"]
[TimeControl "180+2"]
[Date "2023.01.03"]
[WhiteClock "0:00:59"]
[BlackClock "0:00:11"]

1. d4 Nf6 2. Nc3 d5 3. Bf4 Bf5 4. e3 e6 5. f3 h6 6. g4 Bh7 7. Bd3 a6 8. Nge2 c5 9. h4 Bxd3 10. Qxd3 Nc6 11. Kf2 cxd4 12. exd4 Qb6 13. g5 Nh5 14. Be3 Bd6 15. g6 f5 16. Nxd5 exd5 17. Qxf5 Nf6 18. Qe6+ Ne7 19. Qf7+ Kd7 20. Qxg7 Rag8 21. Qxf6 Bg3+ 22. Nxg3 Qxf6 23. h5 Nf5 24. Nxf5 Qxf5 25. c3 Re8 26. Rae1 Rhf8 27. f4 Rxe3 28. Kxe3 Qxf4+ 29. Kd3 Qf3+ 30. Kc2 Qg2+ 31. Kb3 Rf2 32. Rb1 a5 33. Rhg1 Rxb2+ 34. Rxb2 Qxg1 35. Ka4 Kc7 36. Kxa5 Qg5 37. Re2 Qxh5 38. Re7+ Kd6 39. Rxb7 Qe2 40. g7 Qxa2+ 41. Kb6 Qg2 42. Kb5 h5 43. Rb6+ Ke7 44. Rh6 Qxg7 45. Rxh5 Kd6 46. Re5 Qb7+ 47. Ka4 Qb2 48. Re3 Qc1 49. Rh3 Ke6 50. Kb3 Qb1+ 51. Ka3 Kf5 52. Re3 Qc1+ 0-1


[Site "https://www.chess.com"]

[Event "Titled Tuesday Blitz January 03 Early 2023"]
[White "Piesik, Piotr"]
[Black "Khamdamova, Afruza"]
[WhiteFideId "1136194"]
[BlackFideId "14210444"]
[WhiteElo "2426"]
[BlackElo "2162"]
[Result "1-0"]
[Round "09"]
[TimeControl "180+2"]
[Date "2023.01.03"]
[WhiteClock "0:00:14"]
[BlackClock "0:01:08"]

1. Nf3 Nf6 2. g3 b6 3. Bg2 Bb7 4. O-O g6 5. c4 Bg7 6. Nc3 O-O 7. d3 c5 8. e4 d6 9. Ne1 Nbd7 10. e5 Bxg2 11. exf6 Bxf1 12. fxg7 Kxg7 13. Kxf1 Nf6 14. f4 d5 15. Qe2 Re8 16. Nf3 dxc4 17. dxc4 Qd7 18. Be3 Rad8 19. Re1 Qh3+ 20. Qg2 Qf5 21. Ne5 Ng4 22. Nxg4 Qxg4 23. h3 Qf5 24. g4 Qd3+ 25. Qe2 Qd7 26. Kg1 Kg8 27. Nd5 Qc6 28. Bd2 Rd7 29. Bc3 Kf8 30. Qe5 f6 31. Qe4 b5 32. Nxf6 Qxe4 33. Nxe4 bxc4 34. Nxc5 Rd5 35. Ne4 Red8 36. Kf2 Rd3 37. Re3 Rxe3 38. Kxe3 Rd3+ 39. Ke2 Rxh3 40. g5 Kf7 41. Nd2 Ke6 42. Nxc4 Kf5 43. Be5 h6 44. gxh6 Rxh6 45. Kd3 Rh2 46. Kd4 Rxb2 47. Nxb2 g5 48. fxg5 Kxg5 49. a4 1-0


[Site "https://www.chess.com"]

[Event "Titled Tuesday Blitz January 03 Early 2023"]
[White "Gheorghiu, Calin"]
[Black "Ginzburg, Yakov"]
[WhiteFideId "1200305"]
[BlackFideId "4157176"]
[WhiteElo "2313"]
[BlackElo "2405"]
[Result "1-0"]
[Round "09"]
[TimeControl "180+2"]
[Date "2023.01.03"]
[WhiteClock "0:00:13"]
[BlackClock "0:00:03"]

1. e4 c5 2. Nf3 e6 3. c3 d5 4. e5 d4 5. Bd3 Ne7 6. O-O Ng6 7. Re1 Nc6 8. Na3 Be7 9. Nc4 O-O 10. a4 Qc7 11. g3 f6 12. Bxg6 hxg6 13. d3 b6 14. Qe2 f5 15. Bg5 Bb7 16. Nd6 Bxd6 17. exd6 Qxd6 18. Qxe6+ Qxe6 19. Rxe6 Nd8 20. Bxd8 Raxd8 21. Ne5 dxc3 22. bxc3 Ba6 23. c4 g5 24. f4 gxf4 25. gxf4 Rd4 26. Rf1 Rfd8 27. Rf3 Kf8 28. Rg3 R4d6 29. Ng6+ Kf7 30. Re7+ Kf6 31. Rxa7 Rxd3 32. Ne5 Rd1+ 33. Kg2 R8d2+ 34. Kh3 g5 35. Rxg5 Rd3+ 36. Kh4 1-0


[Site "https://www.chess.com"]

[Event "Titled Tuesday Blitz January 03 Early 2023"]
[White "Zhuravlev, Alexey"]
[Black "Karttunen, Mika"]
[WhiteFideId "4164199"]
[BlackFideId "502081"]
[WhiteElo "2359"]
[BlackElo "2490"]
[Result "1-0"]
[Round "09"]
[TimeControl "180+2"]
[Date "2023.01.03"]
[WhiteClock "0:01:26"]
[BlackClock "0:01:40"]

1. e4 c5 2. Nc3 d6 3. f4 g6 4. Nf3 Bg7 5. Bc4 e6 6. f5 Ne7 7. fxe6 fxe6 8. O-O O-O 9. d3 d5 10. Bb3 h6 11. Qe1 Nbc6 12. Qh4 Kh7 13. Bxh6 Bxh6 14. Ng5+ Kg7 15. Rxf8 Bxg5 16. Qh8# 1-0


[Site "https://www.chess.com"]

[Event "Titled Tuesday Blitz January 03 Early 2023"]
[White "Maevsky, Nikolay"]
[Black "Vysochin, Spartak"]
[WhiteFideId "4198220"]
[BlackFideId "14103516"]
[WhiteElo "2277"]
[BlackElo "2512"]
[Result "0-1"]
[Round "09"]
[TimeControl "180+2"]
[Date "2023.01.03"]
[WhiteClock "0:00:02"]
[BlackClock "0:00:20"]

1. d4 d5 2. Nf3 Nf6 3. c4 c6 4. e3 Bf5 5. Nc3 e6 6. Nh4 Be4 7. f3 Bg6 8. Qb3 Qb6 9. Bd2 Qxb3 10. axb3 Bc2 11. c5 g5 12. b4 gxh4 13. b5 cxb5 14. Nxb5 Kd7 15. Nxa7 Nc6 16. Bb5 Bh6 17. Kf2 Kc7 18. Ba5+ Nxa5 19. Rxa5 Rhg8 20. Rc1 Bf5 21. b4 h3 22. g3 e5 23. dxe5 Nd7 24. f4 f6 25. Be2 fxe5 26. Nb5+ Kb8 27. Rxa8+ Kxa8 28. Nc7+ Kb8 29. Nxd5 exf4 30. exf4 Bg7 31. Rd1 Re8 32. Ne3 Be6 33. f5 Rf8 34. g4 Ne5 35. Kg3 Bc8 36. Kxh3 h5 37. Kg3 hxg4 38. Nxg4 Bxf5 39. Rf1 Nxg4 40. Bxg4 Be5+ 41. Kh4 Rh8+ 42. Kg5 Bxg4 43. Kxg4 Bxh2 44. b5 Rc8 45. c6 bxc6 46. bxc6 Rxc6 47. Rf8+ Kc7 48. Kf5 Bd6 49. Rf7+ Kb6 50. Ke4 Kc5 51. Rf5+ Kc4 52. Rf1 Bb4 0-1


[Site "https://www.chess.com"]

[Event "Titled Tuesday Blitz January 03 Early 2023"]
[White "reevecanada"]
[Black "Cnejev, Vladimir-Alexandru"]
[BlackFideId "1260898"]
[WhiteElo "2477"]
[BlackElo "2374"]
[Result "1/2-1/2"]
[Round "09"]
[TimeControl "180+2"]
[Date "2023.01.03"]
[WhiteClock "0:00:20"]
[BlackClock "0:00:04"]

1. e4 d6 2. d4 g6 3. Bd3 Bg7 4. Ne2 Nf6 5. O-O O-O 6. f3 e5 7. c3 Nc6 8. Be3 h6 9. Qd2 Kh7 10. Bb5 Bd7 11. Bxc6 Bxc6 12. Rd1 Qe7 13. b4 a5 14. dxe5 Qxe5 15. Bd4 Qe7 16. a3 Nd7 17. Bxg7 Kxg7 18. Nd4 Ba4 19. Rc1 c5 20. Ne2 Rfd8 21. Nf4 Nf6 22. c4 axb4 23. axb4 cxb4 24. Qxb4 Bc6 25. Nc3 Rxa1 26. Rxa1 Qe5 27. Nfe2 Nd7 28. f4 Qc5+ 29. Qxc5 Nxc5 30. Ng3 Re8 31. Re1 h5 32. h4 f5 33. Rd1 Bxe4 34. Rxd6 Bc6 35. Kf2 Ra8 36. Rd2 Ra3 37. Nge2 Rb3 38. g3 Rb4 39. Rd4 Nb3 40. Rd6 Rxc4 41. Ke3 Nc5 42. Nb1 Re4+ 43. Kf2 Re7 44. Nbc3 Ne4+ 45. Nxe4 Bxe4 46. Nd4 Kf7 47. Nb5 Bc6 48. Nd4 Rd7 49. Rxd7+ Bxd7 50. Ke3 Ke7 51. Nf3 Kd6 52. Ne5 Be8 53. Kd4 b5 54. Nd3 Bd7 55. Ne5 Be8 56. Nd3 Bd7 57. Ne5 Be8 1/2-1/2


[Site "https://www.chess.com"]

[Event "Titled Tuesday Blitz January 03 Early 2023"]
[White "Sadovsky, Artem"]
[Black "Florescu, Codrut-Constantin"]
[WhiteFideId "4155840"]
[BlackFideId "1202200"]
[WhiteElo "2276"]
[BlackElo "2259"]
[Result "1-0"]
[Round "09"]
[TimeControl "180+2"]
[Date "2023.01.03"]
[WhiteClock "0:02:10"]
[BlackClock "0:02:31"]

1. Nf3 d5 2. e3 e6 3. c4 Nf6 4. b3 c6 5. Bb2 Nbd7 6. Be2 a6 7. O-O b5 8. d3 Bb7 9. Nbd2 c5 10. Qc2 Bd6 11. cxd5 exd5 12. e4 Qe7 13. e5 Nxe5 14. Nxe5 Bxe5 15. Bxe5 Qxe5 16. Qxc5 Rc8 17. Qa7 Qc7 18. Rac1 Qc2 1-0


[Site "https://www.chess.com"]

[Event "Titled Tuesday Blitz January 03 Early 2023"]
[White "Leenhouts, Koen"]
[Black "Jovic, Stanoje"]
[WhiteFideId "1008439"]
[BlackFideId "905020"]
[WhiteElo "2447"]
[BlackElo "2075"]
[Result "0-1"]
[Round "09"]
[TimeControl "180+2"]
[Date "2023.01.03"]
[WhiteClock "0:00:57"]
[BlackClock "0:01:57"]

1. e4 c6 2. d4 d5 3. e5 c5 4. dxc5 e6 5. Nf3 Bxc5 6. Bd3 Nc6 7. O-O Nge7 8. c3 a5 9. Qe2 Ng6 10. Be3 Qb6 11. Bxc5 Qxc5 12. Nbd2 Nf4 13. Qd1 Nxd3 14. Nb3 Qc4 15. Nbd4 Ndxe5 16. Nxe5 Nxe5 17. Re1 Ng6 18. h4 h5 19. Re3 e5 20. b3 Qc5 21. Nf3 Bg4 22. Qe1 Bxf3 0-1


[Site "https://www.chess.com"]

[Event "Titled Tuesday Blitz January 03 Early 2023"]
[White "Kaplan, Avi Harrison"]
[Black "Yaran, Siar"]
[WhiteFideId "30934559"]
[BlackFideId "6323006"]
[WhiteElo "2146"]
[BlackElo "2288"]
[Result "0-1"]
[Round "09"]
[TimeControl "180+2"]
[Date "2023.01.03"]
[WhiteClock "0:00:02"]
[BlackClock "0:00:12"]

1. Nf3 Nf6 2. b3 e6 3. Bb2 d5 4. g3 Be7 5. Bg2 O-O 6. O-O c5 7. d3 Nc6 8. Nbd2 Qc7 9. c4 d4 10. e3 e5 11. exd4 cxd4 12. Re1 Re8 13. Ng5 h6 14. Nge4 Nd7 15. g4 Nf8 16. a3 a5 17. Rb1 Ne6 18. Bc1 Nf4 19. Bf1 g6 20. c5 Be6 21. Nc4 Nd5 22. Ned6 Red8 23. Bd2 Bf6 24. Bg2 Rab8 25. b4 axb4 26. axb4 b5 27. cxb6 Nxb6 28. Na5 Rxd6 29. Nxc6 Rxc6 30. Bxc6 Qxc6 31. b5 Qd5 32. Qc2 Bxg4 33. Qc6 Qd8 34. Ba5 Bd7 35. Qc5 Kg7 36. Rec1 Rb7 37. Qd6 Qb8 38. Qxb8 Rxb8 39. Rc7 Bf5 40. Rc6 Nd5 41. b6 Bxd3 42. Rb3 Ba6 43. Rd6 Bc4 44. Rb1 Be7 45. Rd7 Kf8 46. b7 Ke8 47. Rxd5 Bxd5 48. Rd1 Rxb7 49. Bd2 h5 50. Re1 f6 51. h4 Kf7 52. f4 e4 53. Kh2 Ke6 54. f5+ gxf5 55. Bf4 Rb2+ 56. Kg3 Bd6 57. Bxd6 Kxd6 58. Kf4 Ke6 59. Rg1 Rb3 60. Rf1 Rh3 61. Rf2 e3 62. Rf1 e2 63. Rf2 Rxh4+ 64. Kg3 e1=Q 65. Kxh4 Qxf2+ 66. Kh3 Qg2+ 67. Kh4 Qg4# 0-1


[Site "https://www.chess.com"]

[Event "Titled Tuesday Blitz January 03 Early 2023"]
[White "Md, Imran"]
[Black "MKlose11"]
[WhiteFideId "25748580"]
[WhiteElo "2284"]
[BlackElo "2554"]
[Result "1-0"]
[Round "09"]
[TimeControl "180+2"]
[Date "2023.01.03"]
[WhiteClock "0:00:38"]
[BlackClock "0:00:20"]

1. e4 e6 2. d4 d5 3. exd5 exd5 4. Nf3 Nf6 5. Bd3 c5 6. dxc5 Bxc5 7. O-O O-O 8. Nbd2 Nc6 9. Nb3 Bb6 10. h3 Qd6 11. c3 h6 12. Nbd4 Bd7 13. Be3 Rfe8 14. Re1 Rad8 15. Nb5 Qb8 16. Bxb6 axb6 17. Nbd4 Ne4 18. Qc2 Nc5 19. Bf5 Qf4 20. Bxd7 Nxd7 21. Rad1 Nc5 22. g3 Qf6 23. Kg2 Ne4 24. a4 g6 25. h4 Rc8 26. Ne2 Ne5 27. Ned4 Ng4 28. Re2 Re7 29. Nh2 Ne5 30. Ndf3 Nxf3 31. Nxf3 Rc5 32. Rd4 h5 33. Qb3 Qe6 34. Ng5 Qf5 35. Nf3 Re6 36. Qd1 Kg7 37. Re3 f6 38. Qe1 g5 39. hxg5 fxg5 40. Nd2 Rcc6 41. f3 Nxd2 42. Rxd2 Rxe3 43. Qxe3 Re6 44. Qd4+ Re5 45. Re2 Kf6 46. Qxb6+ Kf7 47. Qxb7+ Ke8 48. Qb8+ Kd7 49. Qxe5 1-0


[Site "https://www.chess.com"]

[Event "Titled Tuesday Blitz January 03 Early 2023"]
[White "Dinu, Dumitru-Daniel"]
[Black "Fiorito, Francisco"]
[WhiteFideId "1208403"]
[BlackFideId "180165"]
[WhiteElo "2203"]
[BlackElo "2305"]
[Result "0-1"]
[Round "09"]
[TimeControl "180+2"]
[Date "2023.01.03"]
[WhiteClock "0:00:04"]
[BlackClock "0:00:44"]

1. e4 c5 2. d3 Nc6 3. Be3 g6 4. Nc3 d6 5. g3 Bg7 6. Bg2 e6 7. Nge2 Nge7 8. O-O O-O 9. f4 Nd4 10. Bxd4 cxd4 11. Nb1 d5 12. Nd2 dxe4 13. dxe4 d3 14. Nc3 b6 15. e5 Rb8 16. Nde4 dxc2 17. Qxc2 Bb7 18. Nd6 Bxg2 19. Qxg2 b5 20. Rfd1 b4 21. Nce4 Nd5 22. Qe2 Qb6+ 23. Kh1 Rfd8 24. Rac1 h6 25. Qf2 Qxf2 26. Nxf2 g5 27. Rxd5 exd5 28. Nd3 b3 29. a3 gxf4 30. gxf4 f6 31. Rc7 fxe5 32. Nf5 Bf8 33. fxe5 Re8 34. Kg2 Re6 35. Kf3 a5 36. Kf4 a4 37. Nd4 Re7 38. Rc1 Rf7+ 39. Ke3 Re8 40. Rg1+ Rg7 41. Rf1 Rg5 42. Kf3 Bg7 43. Re1 Bxe5 44. Nc6 Rf8+ 45. Ke2 Bd6 46. Nd4 Rg2+ 47. Kd1 Bxh2 48. Ne6 Re8 49. Ndc5 Rxb2 50. Rf1 Rb1+ 0-1


[Site "https://www.chess.com"]

[Event "Titled Tuesday Blitz January 03 Early 2023"]
[White "Babikov, Ivan"]
[Black "Melian, Juan Sebastian"]
[WhiteFideId "4161106"]
[BlackFideId "3706575"]
[WhiteElo "2239"]
[BlackElo "2293"]
[Result "0-1"]
[Round "09"]
[TimeControl "180+2"]
[Date "2023.01.03"]
[WhiteClock "0:00:47"]
[BlackClock "0:00:19"]

1. d4 Nf6 2. Nf3 e6 3. Bg5 c5 4. e3 Be7 5. Bd3 Qc7 6. c3 O-O 7. O-O d6 8. Nbd2 Nbd7 9. e4 b6 10. Re1 Bb7 11. e5 dxe5 12. dxe5 Nd5 13. Bxe7 Nxe7 14. Nc4 Ng6 15. Bxg6 hxg6 16. Qe2 Rfd8 17. Rad1 Bd5 18. Nd6 Rab8 19. c4 Bxf3 20. Qxf3 Nxe5 21. Rxe5 Rxd6 22. Rxd6 Qxd6 23. Re1 Rd8 24. h3 Qd3 25. Qf4 Qd2 26. Qe5 Kh7 27. Re3 Qd1+ 28. Kh2 Qd6 29. Qxd6 Rxd6 30. Re2 g5 31. b3 Kg6 32. f3 f5 33. Kg3 Kf6 34. Kf2 Rd3 35. g3 e5 36. g4 g6 37. Kg2 Ke6 38. Kf2 e4 39. fxe4 f4 40. Kg1 Rxh3 41. Rd2 Rg3+ 42. Kf2 Rxg4 43. Rd8 Rg3 44. Rg8 g4 45. Rxg6+ Ke5 46. Rg7 Kxe4 47. Rxa7 Rf3+ 48. Kg2 Rc3 49. Ra6 Rc2+ 50. Kf1 Kf3 51. Ke1 g3 52. Rxb6 g2 53. Rg6 g1=Q+ 54. Rxg1 Rc1+ 55. Kd2 Rxg1 56. a3 Ra1 57. b4 Rxa3 58. bxc5 Ra5 59. c6 Rc5 60. c7 Rxc7 61. Kd3 Kg2 62. Kd4 f3 63. c5 f2 64. c6 f1=Q 65. Kd5 Qf6 66. Kc4 Qxc6+ 67. Kd3 Rd7+ 68. Ke3 Qe6+ 69. Kf4 Rf7+ 70. Kg5 Qf5+ 71. Kh6 Rh7# 0-1


[Site "https://www.chess.com"]

[Event "Titled Tuesday Blitz January 03 Early 2023"]
[White "Omelja, Artem"]
[Black "Mazurkiewicz, Michal"]
[WhiteFideId "14119846"]
[BlackFideId "1124943"]
[WhiteElo "2446"]
[BlackElo "2145"]
[Result "1-0"]
[Round "09"]
[TimeControl "180+2"]
[Date "2023.01.03"]
[WhiteClock "0:00:05"]
[BlackClock "0:00:01"]

1. e4 d6 2. d4 Nf6 3. Bd3 c5 4. c3 Nc6 5. Ne2 e5 6. O-O cxd4 7. cxd4 Be7 8. Nbc3 O-O 9. h3 a6 10. Be3 Re8 11. Rc1 Bf8 12. Qb3 b5 13. Rfd1 exd4 14. Nxd4 Nxd4 15. Bxd4 Bb7 16. f3 Rc8 17. Bb1 d5 18. e5 Nh5 19. a4 b4 20. Ne2 Rxc1 21. Rxc1 Qg5 22. Rc7 Nf4 23. Nxf4 Qxf4 24. Qd3 g6 25. Rxb7 Rc8 26. Kf2 Rc4 27. Be3 Qxe5 28. b3 Rc3 29. Qd4 Rxe3 30. Qxe3 Qb2+ 31. Kg3 Bd6+ 32. f4 1-0


[Site "https://www.chess.com"]

[Event "Titled Tuesday Blitz January 03 Early 2023"]
[White "Novikova, Galina"]
[Black "Turzo, Attila"]
[WhiteFideId "4157095"]
[BlackFideId "704954"]
[WhiteElo "2073"]
[BlackElo "2279"]
[Result "0-1"]
[Round "09"]
[TimeControl "180+2"]
[Date "2023.01.03"]
[WhiteClock "0:00:03"]
[BlackClock "0:00:10"]

1. e4 c5 2. Nf3 d6 3. d4 cxd4 4. Nxd4 Nf6 5. Nc3 a6 6. h3 e5 7. Nde2 Be6 8. g4 h5 9. g5 Nfd7 10. h4 Nb6 11. Ng3 d5 12. Nxh5 Nc6 13. Bg2 d4 14. Nb1 Qd7 15. Ng3 O-O-O 16. Nd2 d3 17. c3 f6 18. g6 Kb8 19. a4 Bc5 20. h5 Ne7 21. b4 Bd6 22. b5 axb5 23. axb5 Qxb5 24. Rb1 Qc6 25. O-O Nec8 26. Nb3 Qxc3 27. Bd2 Qc2 28. Na5 Qxd1 29. Rfxd1 Bc5 30. Bb4 Bxb4 31. Rxb4 Rd7 32. Rdb1 Ka7 33. Ra1 Kb8 34. Rab1 d2 35. Bf3 Rhd8 36. Bd1 Rc7 37. Nf1 Rc1 38. Ne3 Rxb1 39. Rxb1 Kc7 40. Kg2 Rd4 41. Kf3 Ne7 42. Nb3 Rd3 43. Nc5 Rd6 44. Nxe6+ Rxe6 45. Rb2 Rd6 46. Ke2 Nc6 47. Rxd2 Nd4+ 48. Ke1 Nd7 49. h6 gxh6 50. g7 Nc5 51. g8=Q Nxe4 52. Qg7+ Rd7 53. Qxh6 Nf3+ 54. Bxf3 Nxd2 55. Ke2 Nb3 56. Qg6 Nd4+ 57. Kf1 Nxf3 58. Qe4 Nd2+ 59. Kg2 Nxe4 60. Nf5 Nd6 61. Ng7 f5 62. Nh5 f4 63. Nf6 Rf7 64. Nd5+ Kc6 65. Nc3 b5 66. Nd1 b4 67. Nb2 Kc5 68. Nd3+ Kd4 69. Nxb4 e4 70. Nc6+ Kd5 71. Nd8 Rg7+ 72. Kf1 Nb7 0-1


[Site "https://www.chess.com"]

[Event "Titled Tuesday Blitz January 03 Early 2023"]
[White "Perez Rodriguez, Jennifer"]
[Black "Parpiev, Isaak"]
[WhiteFideId "3507831"]
[BlackFideId "34281576"]
[WhiteElo "2242"]
[BlackElo "2167"]
[Result "0-1"]
[Round "09"]
[TimeControl "180+2"]
[Date "2023.01.03"]
[WhiteClock "0:01:41"]
[BlackClock "0:01:48"]

1. e4 c6 2. d4 d5 3. exd5 cxd5 4. Nf3 Nf6 5. Ne5 e6 6. Bb5+ Bd7 7. Nxd7 Nbxd7 8. O-O Bd6 9. c3 O-O 10. Bg5 a6 11. Bd3 h6 12. Bh4 b5 13. Re1 Qc7 14. Bg3 Bxg3 15. hxg3 Rfb8 16. Qe2 Qc6 17. Na3 b4 18. Nb1 a5 19. c4 dxc4 20. Bxc4 Nb6 21. Nd2 Rd8 22. Bb5 Qb7 23. Nf3 Nbd5 24. Rac1 Rab8 25. Bd3 Qb6 26. Bb1 Rbc8 27. Rcd1 a4 28. Ne5 a3 29. bxa3 Nc3 30. Qd3 Nxd1 31. Rxd1 Rc3 32. Qe2 Rxd4 33. Rxd4 Qxd4 34. axb4 Rc1+ 35. Kh2 Qxe5 0-1


[Site "https://www.chess.com"]

[Event "Titled Tuesday Blitz January 03 Early 2023"]
[White "Viskelis, Darius"]
[Black "Cella, Glaucio Dalla Cortt"]
[WhiteFideId "12800830"]
[BlackFideId "2119455"]
[WhiteElo "2166"]
[BlackElo "1894"]
[Result "0-1"]
[Round "09"]
[TimeControl "180+2"]
[Date "2023.01.03"]
[WhiteClock "0:00:01"]
[BlackClock "0:01:29"]

1. e4 c5 2. Nf3 e6 3. c3 Nf6 4. e5 Nd5 5. d4 d6 6. c4 Nb4 7. a3 N4c6 8. Bg5 Qb6 9. Nc3 cxd4 10. Nb5 dxe5 11. Qa4 f6 12. Bd3 a6 13. O-O fxg5 14. Nxe5 Be7 15. c5 Bxc5 16. Rac1 O-O 17. Bxh7+ Kxh7 18. Qc2+ Kg8 19. Ng6 axb5 20. Nxf8 Bxf8 21. Qg6 Qd8 22. Rfd1 Qf6 23. Qe4 e5 24. Rd3 Bf5 25. Qd5+ Qf7 26. Qxb5 Bxd3 27. Qxb7 Qxb7 0-1


[Site "https://www.chess.com"]

[Event "Titled Tuesday Blitz January 03 Early 2023"]
[White "Rosenberg, Evan S"]
[Black "Ronka, Erik"]
[WhiteFideId "2019299"]
[BlackFideId "505080"]
[WhiteElo "1956"]
[BlackElo "2276"]
[Result "0-1"]
[Round "09"]
[TimeControl "180+2"]
[Date "2023.01.03"]
[WhiteClock "0:00:07"]
[BlackClock "0:00:26"]

1. d4 f5 2. Bg5 h6 3. Bh4 g5 4. e3 Nf6 5. Bg3 d6 6. Nc3 e6 7. Bc4 d5 8. Bd3 Bd6 9. Be5 Bxe5 10. dxe5 Nfd7 11. Qh5+ Ke7 12. f4 Qe8 13. Qh3 c6 14. O-O-O b6 15. g4 Nc5 16. gxf5 Nxd3+ 17. cxd3 exf5 18. Nf3 Be6 19. Nd4 g4 20. Qh4+ Kd7 21. e4 Qf7 22. Rhf1 Na6 23. Nxc6 Kxc6 24. exd5+ Bxd5 25. Nxd5 Qxd5 26. Qf6+ Kb7 27. Qxf5 Qxa2 28. Qe4+ Kc7 29. Kd2 Qxb2+ 30. Ke3 Nc5 31. Qd5 Rad8 32. Qf7+ Rd7 33. Qf6 Qd4+ 34. Ke2 Rhd8 35. Qxh6 Nxd3 36. Rc1+ Nxc1+ 37. Rxc1+ Kb8 38. Qc6 Qd2+ 39. Kf1 Qxf4+ 40. Kg2 Rd2+ 0-1


[Site "https://www.chess.com"]